 Dungeon Crawl Stone Soup version 0.28.0-49-g6dfe1f597d (webtiles) character file.

Game seed: 5934485300664988156

2 Exodus22XD the Shield-Bearer (level 1, 20/20 HPs)
             Began as a Minotaur Fighter on May 20, 2022.
             Was a Follower of Sif Muna.
             Quit the game on level 1 of the Dungeon.
             The game lasted 00:00:18 (107 turns).

Exodus22XD the Shield-Bearer (Minotaur Fighter)      Turns: 107, Time: 00:00:19

Health: 20/20      AC:  7    Str: 20    XL:     1   Next: 33%
Magic:  0/0        EV:  9    Int:  5    God:    Sif Muna [*.....]
Gold:   3          SH:  4    Dex:  9    Spells: 0/0 levels left

rFire   . . .      SeeInvis .   a - +0 war axe
rCold   . . .      Faith    .   c - +0 buckler
rNeg    . . .      Spirit   .   b - +0 scale mail
rPois   .          Reflect  .   (helmet restricted)
rElec   .          Harm     .   (no cloak)
rCorr   .          Rampage  .   (no gloves)
Will    .....                   (no boots)
Stlth   ..........              (no amulet)
HPRegen 0.06/turn               (no ring)
MPRegen 0.07/turn               (no ring)

@: no status effects
A: horns 2, retaliatory headbutt
a: Renounce Religion, Channel Magic


You were on level 1 of the Dungeon.
You worshipped Sif Muna.
Sif Muna was aware of your devotion.
You visited 1 branch of the dungeon, and saw 1 of its levels.

You collected 3 gold pieces.

Inventory:

Hand Weapons
 a - a +0 war axe (weapon)
Armour
 b - a +0 scale mail (worn)
 c - a +0 buckler (worn)
Potions
 d - a potion of might


   Skills:
 + Level 3.7 Fighting
 + Level 2.4 Axes
 + Level 3.7 Armour
 + Level 3.7 Shields


You couldn't memorise any spells.
You didn't know any spells.
Your spell library was empty.

Dungeon Overview and Level Annotations

Branches:
Dungeon (1/15)

Altars:
Sif Muna


Innate Abilities, Weirdness & Mutations

You have a pair of horns on your head.
You reflexively headbutt those who attack you in melee.


Message History

You closely miss the kobold. Your headbutt misses the kobold.
The kobold is moderately wounded.
You hit the hobgoblin. You block the kobold's attack.
The hobgoblin barely misses you.
There are monsters nearby!
You barely miss the hobgoblin.
The hobgoblin is moderately wounded.
You hit the kobold.
You kill the kobold!
The hobgoblin hits you but does no damage.
A hobgoblin is nearby!
You barely miss the hobgoblin. Your headbutt misses the hobgoblin.
The hobgoblin is moderately wounded.
You block the hobgoblin's attack. The hobgoblin hits you.
A hobgoblin is nearby!
You closely miss the hobgoblin. You headbutt the hobgoblin.
You kill the hobgoblin!
Key pressed, stopping explore.
No target in view!
No target in view!
HP restored.
Found a stone staircase leading down.
Things that are here:
a +0 dagger; a kobold corpse No target in view!
You now have 3 gold pieces.
Found a dagger.
No target in view!
Found a faded altar of an unknown god.
Key pressed, stopping explore.
No target in view!
Key pressed, stopping explore.
No target in view!
No target in view!
There is a faded altar of an unknown god here.
You cannot tell which god this altar belongs to.
Convert to them anyway?
Sif Muna accepts your prayer! Sif Muna welcomes you!
You can now call upon Sif Muna for magical energy.
Are you sure you want to abandon this character and quit the game? (Confirm with "yes".)

### ##8#########
####...##)..#.#
####....8^.#....8#
........##...##.@#
........###.##.8##
.........########
.........#
........##
........#
........#
.....>... ......


There were no monsters in sight!

Vanquished Creatures
  A hobgoblin (D:1)
  A kobold (D:1)
2 creatures vanquished.

Notes
Turn   | Place    | Note
-------+----------+-------------------------------------------
     0 | D:1      | Exodus22XD the Minotaur Fighter began the quest for the
                  | Orb.
     0 | D:1      | Reached XP level 1. HP: 19/19 MP: 0/0
    89 | D:1      | Found a faded altar of an unknown god.
   106 | D:1      | Prayed at the altar of an unknown god.
   106 | D:1      | Became a worshipper of Sif Muna the Loreminder
   106 | D:1      | Reached * piety under Sif Muna
   107 | D:1      | Quit the game

Illustrated notes

Levels and vault maps discovered:
D:1:      eino_arrival_water_cross, layout_basic,
          shapermc_ecumenical_altar_petra, hangedman_abyss_or_decor_stabs

Action                   || total
-------------------------++-------
Melee: War axe           ||     7
       Headbutt          ||     1
Armor: Scale mail        ||     4
Dodge: Dodged            ||     6
Block: Buckler           ||     3
